 Dungeon Crawl Stone Soup version 0.24.0-125-gc4c63601f3 (webtiles) character file.

Game seed: 11551473890038045817, levelgen mode: deterministic

145 Bodigarde the Vexing (level 5, -1/40 HPs)
             Began as a Gnoll Arcane Marksman on Mar 10, 2020.
             Slain by an orc wizard
             ... wielding a +0 dagger
              (3 damage)
             ... in the Ecumenical Temple.
             The game lasted 00:13:26 (3240 turns).

Bodigarde the Vexing (Gnoll Arcane Marksman)        Turns: 3240, Time: 00:13:27

Health: -1/40      AC:  3    Str: 13    XL:     5   Next: 27%
Magic:  2/9        EV: 19    Int: 15    God:
Gold:   119        SH:  0    Dex: 20    Spells: 2/10 levels left

rFire    . . .     SeeInvis .   a - +0 hunting sling
rCold    . . .     Gourm    .   (no shield)
rNeg     . . .     Faith    .   e - +0 robe
rPois    .         Spirit   .   (no helmet)
rElec    .         Reflect  .   p - +0 cloak
rCorr    .         Harm     .   (no gloves)
MR       .....                  (no boots)
Stlth    ++........             j - amulet of rage
HPRegen  0.13/turn              z - +4 ring of evasion
MPRegen  0.11/turn              k - +4 ring of dexterity

@: portal projectile, very slightly contaminated, invisible
A: distributed training, fangs 1, strong nose
a: Cancel Portal Projectile, Evoke Berserk Rage


You were in the Ecumenical Temple.
You were hungry.

You visited 2 branches of the dungeon, and saw 5 of its levels.

You collected 119 gold pieces.

Inventory:

Hand Weapons
 a - a +0 hunting sling (weapon)
 b - a +0 dagger
Missiles
 t - 13 poisoned darts
 u - 6 curare-tipped darts
 v - 36 stones (quivered)
Armour
 c - a +0 ring mail
 e - a +0 robe (worn)
 h - a +0 leather armour
 p - a +0 cloak (worn)
Jewellery
 j - an amulet of rage (around neck)
 k - a +4 ring of dexterity (right hand)
 z - a +4 ring of evasion (left hand)
 B - an uncursed amulet of the gourmand {unknown}
Wands
 s - a wand of acid (6)
Scrolls
 n - a scroll of fear {unknown}
 r - a scroll of magic mapping {unknown}
 x - a scroll of blinking {unknown}
 y - a scroll of teleportation {unknown}
 A - a scroll of noise {unknown}
Potions
 g - a potion of resistance
 l - a potion of degeneration {unknown}
 m - a potion of haste {unknown}
 o - a potion of flight {unknown}
 q - a potion of might {unknown}
Comestibles
 f - 6 rations


   Skills:
 + Level 2.9 Fighting
 + Level 1.4 Short Blades
 + Level 1.4 Long Blades
 + Level 1.4 Axes
 + Level 1.4 Maces & Flails
 + Level 1.4 Polearms
 + Level 1.4 Staves
 + Level 4.7 Slings
 + Level 1.4 Bows
 + Level 1.4 Crossbows
 + Level 1.4 Throwing
 + Level 1.4 Armour
 + Level 4.7 Dodging
 + Level 1.4 Stealth
 + Level 1.4 Shields
 + Level 1.4 Unarmed Combat
 + Level 3.1 Spellcasting
 + Level 1.1 Conjurations
 + Level 5.5 Hexes
 + Level 1.1 Charms
 + Level 1.1 Summonings
 + Level 1.1 Necromancy
 + Level 1.1 Translocations
 + Level 1.1 Transmutations
 + Level 1.1 Fire Magic
 + Level 1.1 Ice Magic
 + Level 1.1 Air Magic
 + Level 1.1 Earth Magic
 + Level 1.1 Poison Magic
 + Level 1.5 Invocations
 + Level 1.4 Evocations


You had 2 spell levels left.
You knew the following spells:

 Your Spells              Type           Power        Failure   Level  Hunger
a - Corona                Hex            ###....      1%          1    #......
b - Portal Projectile     Hex/Tloc       ##....       16%         3    ###....
c - Leda's Liquefaction   Hex/Erth       ##........   45%         4    #####..

Your spell library contained the following spells:

 Spells                   Type           Power        Failure   Level  Hunger
 Slow                     Hex            ###.....     3%          2    ##.....
 Inner Flame              Hex/Fire       ##......     16%         3    ###....
 Cause Fear               Hex            ###.......   21%         4    #####..


Dungeon Overview and Level Annotations

Branches:
Dungeon (4/15)             Temple (1/1) D:4

Altars:
Ashenzari
Cheibriados
Dithmenos
Elyvilon
Fedhas
Gozag
Hepliaklqana
Kikubaaqudgha
Makhleb
Nemelex Xobeh
Qazlal
Ru
Sif Muna
Trog
Uskayaw
Vehumet
Wu Jian
Xom
The Shining One


Innate Abilities, Weirdness & Mutations

Your experience applies equally to all skills.
You have very sharp teeth.
Your uncanny sense of smell can sniff out nearby items.


Message History

Something hits you.
* * * LOW HITPOINT WARNING * * *
Firing (i - inventory. (/) - cycle)
v - 40 stones (quivered)
Press: ? - help, Shift-Dir - straight line You magically shoot a stone.
Something misses you.
Firing (i - inventory. (/) - cycle)
v - 39 stones (quivered)
Press: ? - help, Shift-Dir - straight line You magically shoot a stone.
You hear some strange, mumbled words.
A magic dart appears from out of thin air!
The magic dart hits you.
* * * LOW HITPOINT WARNING * * *
Unknown command.
Firing (i - inventory. (/) - cycle)
v - 38 stones (quivered)
Press: ? - help, Shift-Dir - straight line You magically shoot a stone.
Firing (i - inventory. (/) - cycle)
v - 37 stones (quivered)
Press: ? - help, Shift-Dir - straight line You magically shoot a stone.
Something hits you.
You die...

.. #......................##....
. #..._...................##...
#........................#..
###..................._....#..
##..........................#
#......................_....#
............................#
...._......................##
.........(....<.@.........##
...._.........({...........##
............................#
#......................_....#
##..........................#...
###..................._....#....
#........................#....
#..._.(....(............##....
#......................##.....


There were no monsters in sight!

Vanquished Creatures
  2 orc wizards
  A hound skeleton (D:4)
  An adder (D:3)
  5 dart slugs
  A leopard gecko (D:1)
  7 orcs
  A ball python (Temple)
  5 bats
  2 giant cockroaches (D:3)
  3 goblins
  4 hobgoblins
  4 jackals (D:1)
  5 kobolds
  A frilled lizard (D:1)
  9 rats
51 creatures vanquished.

Vanquished Creatures (others)
  A wizard (D:3)
1 creature vanquished.

Grand Total: 52 creatures vanquished

Notes
Turn   | Place    | Note
-------+----------+-------------------------------------------
     0 | D:1      | Bodigarde the Gnoll Arcane Marksman began the quest for the
                  | Orb.
     0 | D:1      | Reached XP level 1. HP: 17/17 MP: 4/4
   165 | D:1      | Reached XP level 2. HP: 20/23 MP: 5/5
   767 | D:1      | Reached XP level 3. HP: 28/28 MP: 7/7
  1592 | D:3      | Reached skill level 1 in Invocations
  1819 | D:3      | Reached skill level 1 in Short Blades
  1819 | D:3      | Reached skill level 1 in Long Blades
  1819 | D:3      | Reached skill level 1 in Axes
  1819 | D:3      | Reached skill level 1 in Maces & Flails
  1819 | D:3      | Reached skill level 1 in Polearms
  1819 | D:3      | Reached skill level 1 in Staves
  1819 | D:3      | Reached skill level 1 in Bows
  1819 | D:3      | Reached skill level 1 in Crossbows
  1819 | D:3      | Reached skill level 1 in Throwing
  1819 | D:3      | Reached skill level 1 in Armour
  1819 | D:3      | Reached skill level 1 in Stealth
  1819 | D:3      | Reached skill level 1 in Shields
  1819 | D:3      | Reached skill level 1 in Unarmed Combat
  1819 | D:3      | Reached skill level 1 in Evocations
  1871 | D:2      | Reached XP level 4. HP: 29/34 MP: 8/8
  1953 | D:3      | Reached skill level 1 in Conjurations
  1953 | D:3      | Reached skill level 1 in Charms
  1953 | D:3      | Reached skill level 1 in Summonings
  1953 | D:3      | Reached skill level 1 in Necromancy
  1953 | D:3      | Reached skill level 1 in Translocations
  1953 | D:3      | Reached skill level 1 in Transmutations
  1953 | D:3      | Reached skill level 1 in Fire Magic
  1953 | D:3      | Reached skill level 1 in Ice Magic
  1953 | D:3      | Reached skill level 1 in Air Magic
  1953 | D:3      | Reached skill level 1 in Earth Magic
  1953 | D:3      | Reached skill level 1 in Poison Magic
  1958 | D:3      | Learned a level 3 spell: Portal Projectile
  2141 | D:3      | Reached XP level 5. HP: 13/40 MP: 4/9
  2478 | D:3      | Found a shattered altar of Ashenzari.
  2478 | D:3      | Found a white marble altar of Elyvilon.
  2485 | D:3      | Found an ancient bone altar of Kikubaaqudgha.
  2487 | D:3      | Found a shadowy altar of Dithmenos.
  2489 | D:3      | Found a faded altar of an unknown god.
  2563 | D:3      | Found a bloodstained altar of Trog.
  2564 | D:3      | Noticed a wizard
  2570 | D:3      | Killed a wizard
  2653 | D:3      | Learned a level 4 spell: Leda's Liquefaction
  3064 | D:4      | Found a staircase to the Ecumenical Temple.
  3074 | Temple   | Entered the Ecumenical Temple
  3238 | Temple   | HP: 2/40 [something/magic dart (4)]
  3240 | Temple   | Slain by an orc wizard

Levels and vault maps discovered:
D:1:      elethiomel_arrival_infinity_welcomes_careful_drivers, layout_rooms
D:2:      layout_basic, kennysheep_cross_room
D:3:      minmay_spotlight, layout_basic, chequers_temple_overflow_minitemple,
          first_ration, minmay_misc_feat_encased,
          chequers_hall_statues_corner_a, trog_wizard
D:4:      layout_loops_ring, minmay_temple_entry_overgrown, serial_shops, shop,
          minmay_misc_feat_more_columns, st_stairs_12, uniq_blork_the_orc
Temple:   nicolae_temple_great_sept

Skill      XL: |  1  2  3  4 |
---------------+-------------+-----
Invocations    | 1 |  1.5
Short Blades   | 1 |  1.4
Long Blades    | 1 |  1.4
Axes           | 1 |  1.4
Maces & Flails | 1 |  1.4
Polearms       | 1 |  1.4
Staves         | 1 |  1.4
Bows           | 1 |  1.4
Crossbows      | 1 |  1.4
Throwing       | 1 |  1.4
Armour         | 1 |  1.4
Stealth        | 1 |  1.4
Shields        | 1 |  1.4
Unarmed Combat | 1 |  1.4
Evocations     | 1 |  1.4
Spellcasting   | 3 |  3.1
Conjurations   | 1 |  1.1
Charms         | 1 |  1.1
Summonings     | 1 |  1.1
Necromancy     | 1 |  1.1
Translocations | 1 |  1.1
Transmutations | 1 |  1.1
Fire Magic     | 1 |  1.1
Ice Magic      | 1 |  1.1
Air Magic      | 1 |  1.1
Earth Magic    | 1 |  1.1
Poison Magic   | 1 |  1.1
Fighting       | |  2.9
Slings         | |  4.7
Dodging        | |  4.7
Hexes          | |  5.5

Action                   |  1- 3 |  4- 6 || total
-------------------------+-------+-------++-------
Melee: Dagger            |     7 |       ||     7
       Bite              |     2 |       ||     2
 Fire: Hunting sling     |   119 |    76 ||   195
 Cast: Portal Projectile |       |     2 ||     2
  Use: Scroll            |     2 |     4 ||     6
       Potion            |       |     2 ||     2
  Eat: Chunk             |     3 |     3 ||     6
Armor: Robe              |     3 |     8 ||    11
Dodge: Dodged            |    23 |    47 ||    70
